Map: Old Republic LE

Players

Bromaria

  • Race: Protoss Protoss
  • Spawn Location: 1:00

A.I. 1 (Very Easy) - Winner!

  • Race: Terran Terran
  • Spawn Location: 7:00

VOD

Have the link to the VOD?

Description

Time

  • Played on: June 15, 2026, 4:52 a.m.
  • Length: 7:12
Show
View Real Time Build Order
Export as new Build Order

Bromaria Protoss 

Build Orders: 1 Gate Expand, Blink Stalkers 

Get SALT Encoding   

  12  0:00  Probe  
  13  0:12  Probe  
  14  0:17  Pylon  
  14  0:24  Probe  
  15  0:32  Probe  
  15  0:36  Gateway  
  15  0:40  Probe  
  16  0:45  Assimilator  
  17  0:51  Probe  
  18  1:03  Probe  
  19  1:15  Probe  
  20  1:23  Cybernetics Core  
  20  1:32  Nexus  
  20  1:36  Probe  
  21  1:43  Pylon  
  21  1:48  Probe  
  21  1:51  Adept  
  21  1:53  Assimilator  
  24  2:02  Warp Gate  
  24  2:04  Probe  
  25  2:11  Adept  
  25  2:16  Probe  
  28  2:27  Twilight Council  
  28  2:28  Probe  
  29  2:40  Probe  
  29  2:42  Probe  
  29  2:43  Blink  
  30  2:47  Stalker  
  30  2:50  Probe  
  33  2:52  Probe  
  35  3:04  Probe  
  36  3:07  Probe  
  37  3:16  Probe  
  37  3:19  Probe  
  39  3:20  Robotics Facility  
  39  3:29  Probe  
  39  3:33  Gateway  
  40  3:35  Probe  
  40  3:41  Probe, Pylon  
  42  3:47  Probe  
  43  3:50  Stalker  
  43  3:52  Gateway  
  45  3:56  Probe  
  45  3:57  Pylon  
  45  3:59  Probe  
  45  4:00  Assimilator  
  47  4:07  Observer  
  48  4:12  Probe x2  
  48  4:14  Stalker  
  52  4:24  Probe x2  
  53  4:30  Stalker  
  56  4:34  Nexus  
  56  4:37  Stalker  
  58  4:38  Charge  
  58  4:39  Probe x2  
  58  4:40  Pylon  
  58  4:41  Observer  
  61  4:46  Pylon  
  61  4:51  Probe  
  62  5:00  Forge, Stalker  
  62  5:01  Stalker  
  62  5:02  Probe  
  67  5:07  Probe  
  67  5:14  Gateway, Probe  
  69  5:27  Gateway  
  69  5:28  Gateway  
  69  5:30  Templar Archives, Pylon, Probe  
  69  5:31  Probe  
  71  5:37  Sentry, Zealot  
  75  5:43  Probe x2  
  75  5:44  Probe  
  75  5:45  Psionic Storm  
  78  5:51  Zealot  
  78  5:52  Probe  
  78  5:55  Probe  
  78  5:56  Probe  
  83  5:58  Zealot  
  85  6:05  Gateway  
  85  6:08  Gateway  
  85  6:11  Zealot x2  
  85  6:12  Probe  
  85  6:13  Probe  
  85  6:14  Probe  
  85  6:16  Assimilator  
  92  6:21  Assimilator  
  92  6:23  High Templar  
  92  6:24  Probe  
  92  6:25  Probe  
  96  6:30  Zealot x2  
  100  6:34  Pylon  
  100  6:38  Probe  
  101  6:40  Pylon  
  101  6:52  Probe x2  
  103  6:59  High Templar x2  
  103  7:00  Zealot x5  
  117  7:10  Nexus  
  117  7:12  Pylon x2  
Show
View Real Time Build Order
Export as new Build Order

A.I. 1 (Very Easy) Terran - Winner!

Build Orders:  

Get SALT Encoding   

  12  0:00  SCV  
  13  0:13  SCV  
  14  0:18  Supply Depot  
  14  0:36  Refinery  
  14  0:42  Barracks  
  14  1:03  Supply Depot  
  14  1:12  Refinery  
  14  1:29  Marine, Orbital Command  
  15  1:56  SCV  
  16  2:08  SCV  
  17  2:16  Barracks Tech Lab  
  17  2:20  SCV  
  18  2:32  SCV  
  18  2:34  Marauder  
  21  2:44  SCV  
  22  2:56  SCV  
  23  3:20  Marine  
  24  5:18  Marine  
  24  5:19  SCV  
  24  5:21  Supply Depot  
  21  5:31  SCV  
  22  5:44  SCV  
  22  5:47  Marauder  
  25  6:15  Marine  
  26  6:44  Marine  
  26  6:45  SCV  
  28  6:47  Factory  
  28  6:49  Supply Depot  
  28  6:52  Command Center  
  26  6:57  SCV  
Tags
 
Add a new tag
Caveats
  • Supply blocks, unpowered buildings, or Contaminate may cause inaccurate times.
  • Supply counts are checked every 10 seconds.